 Dungeon Crawl Stone Soup version 0.29.0-4-gdea44cf6ec (webtiles) character file.

Game seed: 9304797321305975374

89 trogdor248 the Cudgeller (level 5, 0/28 (46) HPs)
             Began as a Meteoran Fighter on Aug 27, 2022.
             Was a Follower of Okawaru.
             Slain by Natasha (3 damage)
             ... on level 3 of the Dungeon.
             The game lasted 00:12:19 (2137 turns).

trogdor248 the Cudgeller (Meteoran Fighter)         Turns: 2137, Time: 00:12:20

HP:   0/28 (46)     AC:  7    Str: 20    XL:     5   Next: 10%
MP:   6/6           EV:  9    Int:  9    God:    Okawaru [*.....]
Gold: 170           SH:  5    Dex: 13    Spells: 4/4 levels left

rFire   . . .      SeeInvis .   a - +0 flail
rCold   + . .      Faith    .   c - +0 buckler
rNeg    . . .      Spirit   .   b - +0 scale mail
rPois   .          Reflect  .   (no helmet)
rElec   .          Harm     .   (no cloak)
rCorr   .          Rampage  .   (no gloves)
Will    .....                   (no boots)
Stlth   ..........              (no amulet)
HPRegen 0.09/turn               e - ring of protection from cold
MPRegen 0.10/turn               (no ring)

@: glowing, very heavily drained
A: sense surroundings 1, otherworldly, glowing, explore regen
a: Renounce Religion, Heroism


You were on level 3 of the Dungeon.
You worshipped Okawaru.
Okawaru was aware of your devotion.
You visited 1 branch of the dungeon, and saw 3 of its levels.

You collected 170 gold pieces.

Inventory:

Hand Weapons
 a - a +0 flail (weapon)
Missiles
 j - 2 boomerangs (quivered)
 r - 4 javelins
 s - 3 poisoned darts
Armour
 b - a +0 scale mail (worn)
 c - a +0 buckler (worn)
Magical Staves
 f - a staff of death
 z - a staff of cold
Jewellery
 e - a ring of protection from cold (left hand)
Wands
 y - a wand of light (15)
Scrolls
 h - a scroll of immolation {unknown}
 i - 2 scrolls of magic mapping {unknown}
 k - a scroll of identify {unknown}
 l - 2 scrolls of brand weapon {unknown}
 m - a scroll of fear {unknown}
 n - a scroll of enchant armour {unknown}
 q - 2 scrolls of noise {unknown}
 t - 3 scrolls of summoning {unknown}
 u - a scroll of blinking {unknown}
 v - a scroll of torment {unknown}
 w - a scroll of teleportation {unknown}
Potions
 d - a potion of might
 g - a potion of attraction {unknown}
 o - 6 potions of curing {unknown}
 p - a potion of mutation {unknown}
 x - 2 potions of magic {unknown}


   Skills:
 + Level 3.9 Fighting
 + Level 4.2 Maces & Flails
 + Level 4.2 Armour
 + Level 1.1 Dodging
 + Level 4.1 Shields


You had 4 spell levels left.
You didn't know any spells.
Your spell library contained the following spells:

 Spells                   Type           Power      Damage    Failure   Level
 Foxfire                  Conj/Fire      0%         2x1d4     82%         1
 Magic Dart               Conj           0%         1d3       82%         1
 Conjure Flame            Conj/Fire      0%         6-21      99%         3
 Inner Flame              Hex/Fire       0%         N/A       99%         3
 Mephitic Cloud           Conj/Pois/Air  0%         N/A       99%         3
 Flame Wave               Conj/Fire      0%         2d4       100%        4
 Call Imp                 Summ           Unusable   N/A       N/A         2

Dungeon Overview and Level Annotations

Branches:
Dungeon (3/15) Zot: 221

Altars:
Kikubaaqudgha
Okawaru
Ru

Annotations:
D:3 Natasha


Innate Abilities, Weirdness & Mutations

You passively map a small area around you.
You are easily found by Zot.
You glow in the dark.
You regain HP and MP as you explore.


Message History

Natasha claws you but does no damage.
You barely miss Natasha.
Natasha is severely wounded.
Natasha drinks a potion.
Natasha is healed!
You closely miss Natasha. Natasha barely misses you. Natasha claws you.
You closely miss Natasha. Natasha claws you but does no damage.
You barely miss Natasha.
Natasha stares at you and mumbles some strange words.
The magic dart hits you but does no damage.
You hit Natasha but do no damage.
Natasha howls an incantation.
You feel disoriented. Natasha claws you but does no damage.
You hit Natasha.
Natasha is lightly wounded.
Natasha closely misses you.
Natasha mumbles some strange words.
You closely miss Natasha.
Natasha is lightly wounded.
Natasha mumbles some strange words.
Natasha glows brightly for a moment.
Natasha claws you.
* * * LOW HITPOINT WARNING * * *
The crimson imp blinks!
You hit Natasha.
Natasha is moderately wounded.
The shadow imp shouts, "Decamp, thou obnoxious mumble-news mendicant!"
You block Natasha's attack.
You closely miss Natasha.
Natasha is moderately wounded.
Natasha stares at you and mumbles some strange words.
The magic dart hits you.
* * * LOW HITPOINT WARNING * * *
You hit Natasha but do no damage.
Natasha is moderately wounded.
You block Natasha's attack. Natasha closely misses you.
You miss Natasha.
Natasha is moderately wounded.
Natasha claws you.
You die...

#.# #.# #.# ##.## #.#
##...######
#.#####..........* *
#..........####*
#########..#####.
#........ , #.######.
#@....... #h####### #5###
### #5..# #.. #...# #.#*
.# #######...####.# *.#
#............#.###.#
#.##.............#.#
######.##.........#.#.#.#


You could see Natasha, a crimson imp (summoned) and a shadow imp (summoned).

Vanquished Creatures
  Natasha (D:3)
  2 adders
  2 dart slugs (D:1)
  4 endoplasms
  3 goblins
  A hobgoblin (D:3)
  9 jackals
  4 kobolds
  4 quokkas
  2 ball pythons (D:1)
  4 bats
  2 frilled lizards
  3 rats
41 creatures vanquished.

Notes
Turn   | Place    | Note
-------+----------+-------------------------------------------
     0 | D:1      | trogdor248 the Meteoran Fighter began the quest for the
                  | Orb.
     0 | D:1      | Reached XP level 1. HP: 19/19 MP: 2/2
    39 | D:1      | Reached XP level 2. HP: 19/26 MP: 3/3
    83 | D:1      | Reached XP level 3. HP: 28/31 MP: 4/4
   489 | D:1      | Glimpsed the power of Zot.
   539 | D:1      | Glimpsed the power of Zot.
   579 | D:1      | Glimpsed the power of Zot.
   589 | D:1      | Touched by the power of Zot.
   690 | D:1      | Glimpsed the power of Zot.
   740 | D:1      | Glimpsed the power of Zot.
   780 | D:1      | Glimpsed the power of Zot.
   789 | D:1      | Touched by the power of Zot.
   890 | D:1      | Glimpsed the power of Zot.
   940 | D:1      | Glimpsed the power of Zot.
   980 | D:1      | Glimpsed the power of Zot.
   989 | D:1      | Touched by the power of Zot.
  1030 | D:2      | Found a faded altar of an unknown god.
  1063 | D:2      | Prayed at the altar of an unknown god.
  1063 | D:2      | Became a worshipper of Warmaster Okawaru
  1063 | D:2      | Reached * piety under Okawaru
  1507 | D:3      | Reached XP level 4. HP: 12/14 MP: 5/5
  1563 | D:3      | Noticed Natasha
  1576 | D:3      | Killed Natasha
  1577 | D:3      | Reached skill level 1 in Dodging
  1853 | D:3      | Reached XP level 5. HP: 27/27 MP: 6/6
  2007 | D:3      | Found a sacrificial altar of Ru.
  2079 | D:3      | Found an ancient bone altar of Kikubaaqudgha.
  2119 | D:3      | Noticed Natasha
  2137 | D:3      | Slain by Natasha

Illustrated notes

Levels and vault maps discovered:
D:1:      matt_arrival_diagonals, layout_basic, serial_forest,
          infiniplex_forest_lined_corner, infiniplex_forest_corner_1,
          infiniplex_forest_corner_2, infiniplex_forest_fountain,
          minmay_bisected
D:2:      layout_rooms, shapermc_ecumenical_altar_venn, minivault_19
D:3:      layout_loops_corners, mainiacjoe_overflow_alcove_2,
          mainiacjoe_overflow_six_doors_small, uniq_natasha

Skill      XL: |  1  2  3  4 |
---------------+-------------+-----
Maces & Flails | 3 4 |  4.2
Shields        | 4 |  4.1
Armour         | 4 |  4.2
Dodging        | 1 |  1.1
Fighting       | |  3.9

Action                   |  1- 3 |  4- 6 || total
-------------------------+-------+-------++-------
Melee: Flail             |    66 |    65 ||   131
Armor: Scale mail        |    35 |    23 ||    58
Dodge: Dodged            |    23 |    23 ||    46
Block: Buckler           |    19 |     9 ||    28
